 Dungeon Crawl Stone Soup version 0.25-a0-577-ga4619f409e (webtiles) character file.

Game seed: 10229826590325896529, levelgen mode: deterministic

174 Flugslaktarn the Chopper (level 5, -10/47 HPs)
             Began as a Minotaur Fighter on Mar 3, 2020.
             Mangled by an ogre
             ... wielding a +0 giant club
              (14 damage)
             ... on level 4 of the Dungeon.
             The game lasted 00:00:40 (1384 turns).

Flugslaktarn the Chopper (Minotaur Fighter)         Turns: 1384, Time: 00:00:40

Health: -10/47     AC:  7    Str: 21    XL:     5   Next: 28%
Magic:  4/4        EV:  7    Int:  5    God:
Gold:   41         SH:  9    Dex: 10    Spells: 4/4 levels left

rFire    . . .     SeeInvis .   a - +0 war axe
rCold    . . .     Gourm    .   c - +0 kite shield
rNeg     . . .     Faith    .   b - +0 scale mail
rPois    .         Spirit   .   (helmet restricted)
rElec    .         Reflect  .   (no cloak)
rCorr    .         Harm     .   (no gloves)
MR       .....                  (no boots)
Stlth    ..........             (no amulet)
HPRegen  0.15/turn              (no ring)
MPRegen  0.09/turn              (no ring)

@: no status effects
A: retaliatory headbutt, horns 2
a: no special abilities


You were on level 4 of the Dungeon.
You were hungry.

You visited 1 branch of the dungeon, and saw 4 of its levels.

You collected 41 gold pieces.

Inventory:

Hand Weapons
 a - a +0 war axe (weapon)
Missiles
 m - a throwing net (quivered)
Armour
 b - a +0 scale mail (worn)
 c - a +0 kite shield (worn)
Scrolls
 g - 3 scrolls of identify {unknown}
 l - a scroll of noise {unknown}
Potions
 d - a potion of might
 f - a potion of resistance {unknown}
 h - a potion of flight {unknown}
 i - a potion of lignification {unknown}
 j - a potion of haste {unknown}
 k - a potion of brilliance {unknown}
Comestibles
 e - 3 rations


   Skills:
 + Level 4.6 Fighting
 * Level 4.6 Axes
 + Level 4.5 Armour
 + Level 4.5 Shields


You had 4 spell levels left.
You didn't know any spells.
Your spell library was empty.

Dungeon Overview and Level Annotations

Branches:
Dungeon (4/15)
 Temple: D:4-7

Altars:


Innate Abilities, Weirdness & Mutations

You reflexively headbutt those who attack you in melee.
You have a pair of horns on your head.


Message History

An ogre is nearby!
An ogre is nearby!
The ogre hits you with a +0 giant club!!
* * * LOW HITPOINT WARNING * * *
You are too injured to fight recklessly!
You are too injured to fight recklessly!
You are too injured to fight recklessly!
You are too injured to fight recklessly!
You are too injured to fight recklessly!
You are too injured to fight recklessly!
You are too injured to fight recklessly!
You are too injured to fight recklessly!
You closely miss the ogre. Your headbutt misses the ogre.
The ogre hits you with a +0 giant club!
* * * LOW HITPOINT WARNING * * *
Your shield prevents you from hitting the ogre.
You headbutt the ogre.
The ogre is lightly wounded.
The ogre hits you with a +0 giant club!
You die...

## ..
.########.###
........# ..# #
####.# #O#
#.##....###@#
#.........†.#.#
####..####.)..#
#..# #)####
#.## #..
#.#######.
#....# ..
#######.# ..
#...# #.# #..


You could see an ogre.

Vanquished Creatures
  An orc priest (D:3)
  2 orc wizards
  A hound skeleton (D:4)
  2 adders
  A dart slug (D:1)
  A leopard gecko (D:3)
  10 orcs
  9 goblins
  2 hobgoblins (D:1)
  4 jackals (D:4)
  4 kobolds
  A quokka (D:3)
  3 bats
  A frilled lizard (D:1)
  5 rats
47 creatures vanquished.

Notes
Turn   | Place    | Note
-------+----------+-------------------------------------------
     0 | D:1      | Flugslaktarn the Minotaur Fighter began the quest for the
                  | Orb.
     0 | D:1      | Reached XP level 1. HP: 19/19 MP: 0/0
   110 | D:1      | Reached XP level 2. HP: 27/27 MP: 1/1
   667 | D:3      | Reached XP level 3. HP: 33/33 MP: 2/2
   690 | D:3      | Reached XP level 4. HP: 20/40 MP: 3/3
  1325 | D:4      | Reached XP level 5. HP: 45/47 MP: 4/4
  1381 | D:4      | Noticed an ogre
  1384 | D:4      | Mangled by an ogre

Levels and vault maps discovered:
D:1:      psy_arrival_heroes, layout_loops_ring, serial_forest,
          infiniplex_forest_clump_diagonal, infiniplex_forest_straight_3,
          infiniplex_forest_clump_tiny, infiniplex_forest_clump_diagonal,
          infiniplex_forest_clump_double, infiniplex_forest_clump_tiny,
          infiniplex_forest_fountain, infiniplex_forest_lined_2, minivault_11,
          kennysheep_decorative_pillar, st_stairs_1
D:2:      layout_basic, chequers_temple_overflow_statue_of_worship
D:3:      layout_loops_ring, gammafunk_temple_overflow_statue,
          okawaru_ov_weapons_minmay
D:4:      layout_basic, first_ration

Skill      XL: |  1  2  3  4 |
---------------+-------------+-----
Axes           | 3 4 |  4.6
Fighting       | 4 |  4.6
Armour         | 4 |  4.5
Shields        | 4 |  4.5

Action                   |  1- 3 |  4- 6 || total
-------------------------+-------+-------++-------
Melee: War axe           |    65 |    61 ||   126
       Headbutt          |    10 |    10 ||    20
  Eat: Chunk             |       |     1 ||     1
Armor: Scale mail        |    37 |    24 ||    61
Dodge: Dodged            |    23 |    19 ||    42
Block: Kite shield       |    29 |    26 ||    55

Table legend:
 A = Non-vault XP
 B = Vault XP
 C = Vault XP percentage of total XP
 D = Non-vault monster count
 E = Vault monster count
 F = Vault count percentage of total count
                 A         B        C        D         E       F
            +---------+---------+-------+---------+---------+-------
      Total |     247 |       2 |   0.8 |      45 |       2 |   4.3
            +---------+---------+-------+---------+---------+-------
        D:1 |      18 |       2 |  10.0 |      11 |       2 |  15.4
        D:2 |      18 |       0 |   0.0 |       4 |       0 |   0.0
        D:3 |     133 |       0 |   0.0 |      20 |       0 |   0.0
        D:4 |      78 |       0 |   0.0 |      10 |       0 |   0.0
            +---------+---------+-------+---------+---------+-------
